 Dungeon Crawl Stone Soup version 0.19-a0-751-gbe1ce7d (webtiles) character file.

108 Ordine the Magician (level 4, -3/27 HPs)
             Began as an Octopode Wizard on June 25, 2016.
             Was an Initiate of Vehumet.
             Slain by Natasha (10 damage)
             ... on level 3 of the Dungeon.
             The game lasted 00:09:25 (3750 turns).

Ordine the Magician (Octopode Wizard)               Turns: 3750, Time: 00:09:26

Health: -3/27      AC:  1    Str:  6    XL:     4   Next: 87%
Magic:  2/10       EV: 12    Int: 21    God:    Vehumet [......]
Gold:   73         SH:  0    Dex: 10    Spells: 4 memorised, 3 levels left

rFire  . . .     SeeInvis .     (no weapon)
rCold  . . .     Gourm    .     (no shield)
rNeg   . . .     Faith    .     a - +0 hat
rPois  .         Spirit   .     (no amulet)
rElec  .         Dismiss  .     e - ring of sustain attributes
rCorr  .         Reflect  .     (no ring)
SustAt +         Harm     .     (no ring)
MR     .....                    (no ring)
Stlth  ++++......               (no ring)
                                (no ring)
                                (no ring)
                                (no ring)

@: very slightly contaminated, slowed, very slow, not resistant to hostile
enchantments, stealthy
A: almost no armour, amphibious, 8 rings, constrict 8, camouflage 1, gelatinous
body 1
a: Renounce Religion


You were on level 3 of the Dungeon.
You worshipped Vehumet.
Vehumet was noncommittal.
You were not hungry.

You visited 1 branch of the dungeon, and saw 3 of its levels.

You collected 73 gold pieces.

Inventory:

Armour
 a - a +0 hat (worn)
 h - a +0 buckler
Jewellery
 e - a ring of sustain attributes (left tentacle)
 i - a +3 ring of strength {unknown}
 m - an uncursed ring of protection from fire {unknown}
Scrolls
 f - a scroll of teleportation
Potions
 d - a potion of ambrosia
 g - 2 potions of might
 k - a potion of agility {unknown}
 l - a potion of degeneration {unknown}
 n - a potion of berserk rage {unknown}
 o - 2 potions of magic {unknown}
Books
 b - a book of Minor Magic

   Spells                             Type                      Level
   a - Magic Dart                     Conjuration                  1
   b - Blink                          Translocation                2
   c - Call Imp                       Summoning                    2
   d - Repel Missiles                 Charms/Air                   2
   e - Slow                           Hexes                        2
   f - Conjure Flame                  Conjuration/Fire             3
   g - Mephitic Cloud                 Conjuration/Poison/Air       3
Comestibles
 c - 3 chunks of flesh
 j - a meat ration
 p - 3 beef jerkies


   Skills:
 - Level 2.0 Dodging
 + Level 3.9 Stealth
 * Level 4.2 Spellcasting
 + Level 2.3 Conjurations
   Level 1.0 Summonings
 - Level 1.0 Translocations


You had 3 spell levels left.
You knew the following spells:

 Your Spells              Type           Power        Failure   Level  Hunger
a - Magic Dart            Conj           ##..         6%          1    None
b - Blink                 Tloc           N/A          12%         2    #......
c - Conjure Flame         Conj/Fire      #.......     24%         3    ###....
i - Repel Missiles        Chrm/Air       #.....       17%         2    #......


Dungeon Overview and Level Annotations

Branches:
Dungeon (3/15)

Altars:
Fedhas
Vehumet

Annotations:
D:3 Natasha


Innate Abilities, Weirdness & Mutations

You cannot wear most types of armour.
You are amphibious.
You can wear up to eight rings at the same time.
You can use your tentacles to constrict eight enemies at once.
Your skin changes colour to match your surroundings (Stealth+).
Your rubbery body absorbs attacks. (AC +1)


Message History

Natasha is heavily wounded.
Natasha claws you.
Casting: Magic Dart
Confirm with . or Enter, or press ? or * to list all spells.
Aiming: Magic Dart
Press: ? - help, Shift-Dir - straight line, f/p - Natasha
Aim: Natasha (heavily wounded)
The magic dart hits Natasha.
Natasha is severely wounded.
Natasha claws you. x2
* * * LOW HITPOINT WARNING * * *
Casting: Magic Dart
Confirm with . or Enter, or press ? or * to list all spells.
Aiming: Magic Dart
Press: ? - help, Shift-Dir - straight line, f/p - Natasha
Aim: Natasha (severely wounded)
The magic dart hits Natasha.
Natasha is almost dead.
Natasha claws you!
You die...

###### ###....#..#
#.#.##.#..# #....#.#..# .
#.#..#.#..# ..
#.#..#.#..##..# #.
#.#..#.#......#
#...#.#..#.#h...###
...........@..>....
#...#.#..#.#....#.## ##
#.#..#.##........
##########.#..#.##.......#
###
.....†....................
...
...........#..#.#........#
#.#
.##.########..#.#.###.#..##
#.# .##.# #..#.#.........#
#.# .##+## #....##..#.#...#
#.#


You could see Natasha.

Vanquished Creatures
  5 adders
  A worm (D:2)
  A dart slug (D:1)
  4 giant cockroaches
  12 goblins
  6 hobgoblins
  4 jackals (D:3)
  7 bats
  3 giant newts
  11 kobolds
  2 rats
56 creatures vanquished.

Notes
Turn   | Place    | Note
--------------------------------------------------------------
     0 | D:1      | Ordine the Octopode Wizard began the quest for the Orb.
     0 | D:1      | Reached XP level 1. HP: 11/11 MP: 4/4
   494 | D:1      | Reached XP level 2. HP: 17/17 MP: 3/6
   526 | D:1      | Learned a level 2 spell: Blink
   529 | D:1      | Learned a level 2 spell: Repel Missiles
  1365 | D:1      | Reached XP level 3. HP: 21/21 MP: 1/7
  1817 | D:1      | You fall through a shaft!
  1942 | D:2      | Learned a level 3 spell: Conjure Flame
  2373 | D:2      | Reached XP level 4. HP: 22/27 MP: 3/9
  2712 | D:2      | Found a radiant altar of Vehumet.
  2719 | D:2      | Became a worshipper of Vehumet
  3179 | D:3      | Reached skill level 4 in Spellcasting
  3673 | D:3      | Found a blossoming altar of Fedhas.
  3739 | D:3      | Noticed Natasha
  3750 | D:3      | Slain by Natasha

Vault maps used:
D:1:      minmay_arrival_stair_chambers, due_unseen_surprise
D:2:      fiery_altar_vehumet
D:3:      lemuel_coloured_pillars_altar, marbit_many_paths, uniq_sigmund,
          uniq_natasha, uniq_crazy_yiuf_cottage

Skill      XL: |  1  2  3  4 |
---------------+-------------+-----
Stealth        | 3 |  3.9
Conjurations   | 2 |  2.3
Spellcasting   | 4 |  4.2
Dodging        | |  2.0
Summonings     | |  1.0
Translocations | |  1.0

Action                   |  1- 3 |  4- 6 || total
-------------------------+-------+-------++-------
Melee: Unarmed           |     9 |     6 ||    15
       Constrict         |     3 |     1 ||     4
       Tentacles         |       |     1 ||     1
 Cast: Magic Dart        |    97 |    64 ||   161
       Repel Missiles    |     1 |       ||     1
  Use: Scroll            |     1 |     2 ||     3
  Eat: Chunk             |     4 |     1 ||     5
       Bread ration      |       |     1 ||     1
Armor: Skin              |     1 |       ||     1
Dodge: Dodged            |    17 |     7 ||    24
       Deflected         |     1 |       ||     1
